 Dungeon Crawl Stone Soup version 0.29.0-13-gc9e81de378 (webtiles) character file.

Game seed: 11917209984997233929

25461 smilodon the Fighter (level 12, -1/95 HPs)
             Began as a Demonspawn Fighter on Sept 10, 2022.
             Was a Priest of Makhleb.
             Slain by a six-headed hydra (8 damage)
             ... on level 12 of the Dungeon.
             The game lasted 00:43:48 (17255 turns).

smilodon the Fighter (Demonspawn Fighter)          Turns: 17255, Time: 00:43:49

Health: -1/95      AC: 19    Str: 20    XL:     12   Next: 89%
Magic:  18/18      EV: 12    Int: 18    God:    Makhleb [***...]
Gold:   700        SH: 15    Dex: 13    Spells: 11/11 levels left

rFire   + + .      SeeInvis .   y - +5 mace "Baklok" {freeze, Int+5}
rCold   . . .      Faith    .   c - +1 buckler
rNeg    . . .      Spirit   .   O - +4 plate armour of the Cobbler {rF++}
rPois   .          Reflect  .   (no helmet)
rElec   .          Harm     .   q - +0 cloak
rCorr   +          Rampage  .   (no gloves)
Will    .....                   (no boots)
Stlth   ..........              (no amulet)
HPRegen 0.25/turn               i - +4 ring of evasion
MPRegen 0.32/turn               m - ring "Nuwec" {rCorr Str+2 Slay+3}

@: slowed, very slow
A: hooves 2, large bone plates 3, powered by death 1, magic regeneration
a: Renounce Religion, Minor Destruction, Lesser Servant of Makhleb


You were on level 12 of the Dungeon.
You worshipped Makhleb.
Makhleb was most pleased with you.
You visited 3 branches of the dungeon, and saw 15 of its levels.

You collected 908 gold pieces.
You spent 208 gold pieces at shops.

Inventory:

Hand Weapons
 a - a +1 long sword
 r - a +1 vorpal war axe
 v - a +0 vorpal long sword
 y - the +5 mace "Baklok" (weapon) {freeze, Int+5}
   (You bought it in a shop on level 6 of the Dungeon)

   It freezes those it strikes, dealing additional cold damage.
   It can also slow down cold-blooded creatures.
   Int:       It affects your intelligence (+5).
 z - the +8 sling "Embalmer" {flame, Will+}
   (You found it on level 6 of the Dungeon)

   Any ammunition fired from it burns those it strikes, dealing additional fire
   damage.
   Will:      It increases your willpower.
 P - a +1 morningstar of draining
Missiles
 B - 5 atropa-tipped darts
 G - 5 curare-tipped darts (quivered)
 J - 23 poisoned darts
 M - 3 javelins
Armour
 b - a +0 scale mail
 c - a +1 buckler (worn)
 q - a +0 cloak (worn)
 t - a +0 chain mail
 F - the +1 leather armour of Beraz {rF+ MP+9}
   (You found it on level 10 of the Dungeon)

   rF:        It protects you from fire.
   MP:        It affects your magic capacity (+9).
 N - a +0 troll leather armour
 O - the +4 plate armour of the Cobbler (worn) {rF++}
   (You found it on level 11 of the Dungeon)

   rF:        It greatly protects you from fire.
Jewellery
 i - a +4 ring of evasion (left hand)
 m - the ring "Nuwec" (right hand) {rCorr Str+2 Slay+3}
   (You found it on level 2 of the Dungeon)

   [ring of resist corrosion]

   Str:       It affects your strength (+2).
   Slay:      It affects your accuracy & damage with ranged weapons and melee
   (+3).
   rCorr:     It protects you from acid and corrosion.
 s - a ring of protection from fire
 u - a +6 ring of dexterity
 K - a ring of willpower
Wands
 D - a wand of polymorph (6)
 E - a wand of flame (22)
 I - a wand of charming (6)
Scrolls
 d - a scroll of butterflies {unknown}
 f - 2 scrolls of vulnerability
 g - a scroll of poison
 l - a scroll of magic mapping
 o - 2 scrolls of amnesia
 p - 2 scrolls of noise
 w - 2 scrolls of brand weapon
 A - 2 scrolls of enchant weapon
 H - 2 scrolls of immolation
 L - 2 scrolls of identify
Potions
 e - 2 potions of curing
 h - 3 potions of degeneration
 j - a potion of flight
 k - 3 potions of attraction
 n - a potion of resistance
 x - a potion of mutation
 C - 3 potions of ambrosia


   Skills:
 + Level 9.3 Fighting
 - Level 3.3 Long Blades
 - Level 7.7(9.1) Axes
 + Level 7.2(8.8) Maces & Flails
 + Level 8.4 Armour
 + Level 7.9 Dodging
 + Level 8.5 Shields
 - Level 8.8 Invocations


You had 11 spell levels left.
You didn't know any spells.
Your spell library contained the following spells:

 Spells                   Type           Power      Damage    Failure   Level
 Apportation              Tloc           0%         N/A       99%         1
 Necrotise                Necr           0%         1d4       99%         1
 Slow                     Hex            0%         N/A       99%         1
 Summon Small Mammal      Summ           0%         N/A       99%         1
 Blink                    Tloc           0%         N/A       100%        2
 Ensorcelled Hibernation  Hex/Ice        0%         N/A       100%        2
 Confusing Touch          Hex            0%         N/A       100%        3
 Dazzling Flash           Conj/Hex       0%         N/A       100%        3
 Lesser Beckoning         Tloc           0%         N/A       100%        3
 Spider Form              Tmut/Pois      0%         N/A       100%        3
 Vampiric Draining        Necr           0%         2d6       100%        3
 Airstrike                Air            0%         2d(0-16)  100%        4
 Anguish                  Hex/Necr       0%         N/A       100%        4
 Iskenderun's Mystic Bla  Conj/Tloc      0%         2d3       100%        4
 Leda's Liquefaction      Hex/Erth       0%         N/A       100%        4
 Summon Lightning Spire   Summ/Air       0%         N/A       100%        4
 Fireball                 Conj/Fire      0%         3d3       100%        5
 Freezing Cloud           Conj/Ice/Air   0%         6-21      100%        5
 Iskenderun's Battlesphe  Conj           0%         2d6       100%        5
 Lee's Rapid Deconstruct  Erth           0%         3d5*      100%        5
 Lightning Bolt           Conj/Air       0%         1d11      100%        5
 Manifold Assault         Tloc           0%         N/A       100%        5
 Conjure Ball Lightning   Conj/Air       0%         3x3d6     100%        6
 Simulacrum               Ice/Necr       0%         N/A       100%        6
 Starburst                Conj/Fire      0%         6d3       100%        6
 Statue Form              Tmut/Erth      0%         N/A       100%        6
 Orb of Destruction       Conj           0%         9d5       100%        7
 Polar Vortex             Ice            0%         N/A       100%        9


Dungeon Overview and Level Annotations

Branches:
Dungeon (12/15)            Temple (1/1) D:7            Lair (2/5) D:8
 Shoals (0/4) Lair:2       Spider (0/4) Lair:2          Orc (0/2) D:10

Altars:
Ashenzari
Cheibriados
Dithmenos
Fedhas
Gozag
Kikubaaqudgha
Makhleb
Nemelex Xobeh
Okawaru
Ru
Sif Muna
Trog
Uskayaw
Vehumet
Wu Jian
Xom
Yredelemnul

Shops:
D:6 (   D:7 [   D:9 **   D:11 :


Innate Abilities, Weirdness & Mutations

You have hoof-like feet.
You are completely covered in large bone plates. (SH +8)
You regenerate a little health from kills.
You regenerate magic rapidly.


Message History

Your ynoxinul disappears in a puff of smoke!
The six-headed hydra bites your smoke demon!!
Your smoke demon dies!
Your smoke demon disappears in a puff of smoke!
You see here a +0 chain mail.
You feel better.
You block the six-headed hydra's attack.
The six-headed hydra closely misses you.
The six-headed hydra bites you but does no damage.
You block the six-headed hydra's attack.
The six-headed hydra barely misses you. The six-headed hydra bites you!
* * * LOW HITPOINT WARNING * * *
You feel better.
The six-headed hydra closely misses you.
You block the six-headed hydra's attack.
The six-headed hydra bites you.
* * * LOW HITPOINT WARNING * * *
The six-headed hydra barely misses you.
You block the six-headed hydra's attack.
The six-headed hydra bites you!
* * * LOW HITPOINT WARNING * * *
The six-headed hydra bites you but does no damage.
You block the six-headed hydra's attack.
The six-headed hydra closely misses you.
The six-headed hydra bites you.
* * * LOW HITPOINT WARNING * * *
You block the six-headed hydra's attack.
The six-headed hydra bites you but does no damage.
Okay, then.
Aiming: Minor Destruction (0% risk of failure)
Press: ? - help, Shift-Dir - straight line, f - six-headed hydra
Aim: a six-headed hydra (severely wounded)
The puff of flame hits the six-headed hydra!
The six-headed hydra is almost dead.
The six-headed hydra bites you but does no damage.
You block the six-headed hydra's attack.
The six-headed hydra barely misses you.
The six-headed hydra bites you but does no damage.
The six-headed hydra bites you!
You die...

#...##.. ...####..##.
#...##.# .##..........
##(###.####.########.###
#...†........ #....
#####.#.[#.# #####
#......# #. #.....#..#.#
#. ...#####....##.
####..#######@........
#..... #...WD.....####
#.....##.####.....#
#)....###......# #.....#
.......# #.....#
.##.##.# #.....# . .....
#.....# .... ####### #.


You could see a six-headed hydra and a wraith.

Vanquished Creatures
  3 hydras
  2 two-headed ogres
  5 death yaks (D:8)
  A tengu warrior (D:10)
  A deep elf pyromancer (D:10)
  2 ugly things
  3 merfolk sirens (Lair:2)
  A gargoyle (D:12)
  A cane toad (Lair:1)
  2 komodo dragons (Lair:1)
  3 trolls
  A queen bee (Lair:1)
  A merfolk (Lair:2)
  A slime creature (D:10)
  Grinder (D:3)
  A wraith (D:12)
  A vampire (D:11)
  33 yaks
  3 steam dragons
  8 vampire mosquitoes
  4 water moccasins
  3 acid dragons (D:10)
  A black bear (Lair:2)
  5 ice beasts
  4 orc warriors
  2 sky beasts
  2 ogres
  2 wolves (D:7)
  A centaur (D:8)
  A phantom (D:4)
  5 kobold brigands
  Blork the orc (D:6)
  2 bullfrogs
  3 gnoll sergeants
  4 scorpions
  2 cane toad simulacra (Lair:2)
  3 necrophages
  10 wights
  An elephant simulacrum (Lair:2)
  24 killer bees
  2 howler monkeys (D:9)
  4 jellies
  4 hounds
  6 orc priests
  3 gnoll boudas
  Jessica (D:3)
  4 iguanas
  16 orc wizards
  7 adders
  22 gnolls
  3 shadow imps
  4 ufetubi
  A dart slug (D:4)
  47 orcs
  6 ball pythons
  3 bats
  14 endoplasms
  5 giant cockroaches
  6 hobgoblins
  4 jackals
  34 kobolds
  6 quokkas
  5 frilled lizards (D:1)
  7 goblins
  6 rats
374 creatures vanquished.

Vanquished Creatures (collateral kills)
  Josephine (D:12)
  A wraith (D:12)
  2 vampire mosquitoes (D:11)
4 creatures vanquished.

Vanquished Creatures (others)
  8 fungi
  2 plants
  6 toadstools (D:2)
16 creatures vanquished.

Grand Total: 394 creatures vanquished

Notes
Turn   | Place    | Note
-------+----------+-------------------------------------------
     0 | D:1      | smilodon the Demonspawn Fighter began the quest for the
                  | Orb.
     0 | D:1      | Reached XP level 1. HP: 18/18 MP: 1/1
   203 | D:1      | Gained mutation: You regenerate a little health from kills.
                  | [demonic ancestry]
   203 | D:1      | Reached XP level 2. HP: 14/24 MP: 2/2
  1016 | D:1      | Gained mutation: You have large cloven feet. [demonic
                  | ancestry]
  1016 | D:1      | Reached XP level 3. HP: 24/29 MP: 3/3
  1607 | D:2      | Reached XP level 4. HP: 14/36 MP: 4/4
  1806 | D:2      | Found an opulent altar of Gozag.
  1951 | D:2      | Identified the ring "Nuwec" {rCorr Str+2 Slay+3}
  2081 | D:2      | Gained mutation: You are partially covered in large bone
                  | plates. (SH +4) [demonic ancestry]
  2081 | D:2      | Reached XP level 5. HP: 40/42 MP: 5/5
  2084 | D:2      | Reached skill level 1 in Dodging
  2615 | D:3      | Found a faded altar of an unknown god.
  2715 | D:3      | Noticed Jessica
  2719 | D:3      | Killed Jessica
  2826 | D:3      | Found a broken altar of Ashenzari.
  2830 | D:3      | Reached skill level 4 in Fighting
  3177 | D:3      | Noticed Grinder
  3210 | D:3      | Killed Grinder
  3211 | D:3      | Gained mutation: You are mostly covered in large bone
                  | plates. (SH +6) [demonic ancestry]
  3211 | D:3      | Reached XP level 6. HP: 35/49 MP: 6/6
  3780 | D:4      | Found a shadowy altar of Dithmenos.
  3809 | D:4      | Reached XP level 7. HP: 50/55 MP: 7/7
  4527 | D:5      | Entered Level 5 of the Dungeon
  4705 | D:4      | Reached skill level 5 in Axes
  4712 | D:4      | Gained mutation: You regenerate magic rapidly. [demonic
                  | ancestry]
  4712 | D:4      | Reached XP level 8. HP: 57/61 MP: 8/8
  5253 | D:5      | Found an ornate altar of the Wu Jian Council.
  5745 | D:6      | Found an opulent altar of Gozag.
  5957 | D:6      | Found Gurchypyu's Antique Weapon Emporium.
  5966 | D:6      | Bought a translucent mace for 208 gold pieces
  5966 | D:6      | Identified the +5 mace "Baklok" {freeze, Int+5} (You bought
                  | it in a shop on level 6 of the Dungeon)
  6168 | D:6      | Identified the +8 sling "Embalmer" {flame, Will+}
  6259 | D:6      | Reached skill level 1 in Maces & Flails
  6262 | D:6      | Gained mutation: You are completely covered in large bone
                  | plates. (SH +8) [demonic ancestry]
  6262 | D:6      | Reached XP level 9. HP: 41/66 MP: 9/9
  6694 | D:6      | Noticed Blork the orc
  6705 | D:6      | Killed Blork the orc
  6952 | D:6      | Reached skill level 5 in Fighting
  7116 | D:7      | Found a sacrificial altar of Ru.
  7327 | D:7      | Found a staircase to the Ecumenical Temple.
  7355 | Temple   | Entered the Ecumenical Temple
  7477 | Temple   | Became a worshipper of Makhleb the Destroyer
  7563 | D:7      | Found Famar's Antique Armour Boutique.
  7675 | D:7      | Reached skill level 5 in Armour
  7675 | D:7      | Reached skill level 5 in Shields
  7707 | D:7      | Reached skill level 1 in Invocations
  8088 | D:7      | Reached skill level 6 in Fighting
  8088 | D:7      | Gained mutation: You have hoof-like feet. [demonic
                  | ancestry]
  8088 | D:7      | Reached XP level 10. HP: 66/76 MP: 11/11
  8182 | D:7      | Found a bloodstained altar of Trog.
  8329 | D:8      | Reached * piety under Makhleb
  8346 | D:8      | Noticed a death yak
  8348 | D:8      | Noticed a death yak
  8349 | D:8      | Noticed a death yak
  8351 | D:8      | Noticed a death yak
  8351 | D:8      | Noticed a death yak
  8356 | D:8      | Killed a death yak
  8358 | D:8      | Killed a death yak
  8367 | D:8      | Killed a death yak
  8368 | D:8      | Reached skill level 5 in Dodging
  8369 | D:8      | Killed a death yak
  8371 | D:8      | Killed a death yak
  8372 | D:8      | Reached skill level 5 in Invocations
  8682 | D:8      | Found a staircase to the Lair.
  8758 | D:8      | Noticed a gargoyle
  8761 | D:8      | Noticed a gargoyle
  8761 | D:8      | Noticed a tengu warrior
  8771 | D:8      | Noticed a deep elf pyromancer
  8771 | D:8      | Noticed a centaur warrior
  8772 | D:8      | Noticed a boulder beetle
  8842 | D:8      | Reached skill level 7 in Fighting
  9053 | D:8      | You fall into a shaft and drop 1 floor!
  9206 | D:9      | Reached XP level 11. HP: 80/84 MP: 15/15
  9326 | D:8      | Noticed a two-headed ogre
  9332 | D:8      | Killed a two-headed ogre
  9379 | D:8      | Found a hide-covered altar of Uskayaw.
  9844 | Lair:1   | Entered Level 1 of the Lair of Beasts
 10088 | Lair:1   | Reached skill level 5 in Maces & Flails
 10348 | Lair:1   | Reached ** piety under Makhleb
 11201 | Lair:2   | Found a staircase to the Shoals.
 11395 | Lair:2   | HP: 4/86 [cane toad simulacrum (7)]
 11850 | D:9      | Found Moygoy's Specific Store.
 11854 | D:9      | Found Umoav's General Store.
 12070 | D:9      | Reached skill level 8 in Fighting
 12300 | D:9      | Reached *** piety under Makhleb
 12768 | D:9      | Reached XP level 12. HP: 93/93 MP: 17/17
 12972 | D:10     | Entered Level 10 of the Dungeon
 13265 | D:10     | Found a staircase to the Orcish Mines.
 13302 | D:10     | Identified the +1 leather armour of Beraz {rF+ MP+9}
 13386 | D:10     | Noticed a two-headed ogre
 13952 | D:10     | Noticed a two-headed ogre
 13960 | D:10     | Killed a two-headed ogre
 13960 | D:10     | Reached **** piety under Makhleb
 13974 | D:10     | Noticed a tengu warrior
 13977 | D:10     | Noticed a five-headed hydra
 13986 | D:10     | Killed a tengu warrior
 13989 | D:10     | Noticed a centaur warrior
 15401 | D:10     | Killed a five-headed hydra
 15707 | D:11     | Identified the +4 plate armour of the Cobbler {rF++}
 15764 | D:11     | Found Luim's Self-Improvement Boutique.
 16185 | D:11     | Noticed an eight-headed hydra
 16531 | D:11     | Killed an eight-headed hydra
 16988 | D:12     | Reached skill level 9 in Fighting
 17141 | D:12     | Noticed a four-headed hydra
 17152 | D:12     | Killed a four-headed hydra
 17204 | D:12     | Noticed Josephine
 17227 | D:12     | Killed Josephine
 17235 | D:12     | Noticed a six-headed hydra
 17255 | D:12     | Slain by a six-headed hydra

Illustrated notes

Levels and vault maps discovered:
D:1:      dpeg_arrival_morbid_curiosity, layout_basic
D:2:      cheibrodos_fertilizer, layout_basic, basic_altar
D:3:      minmay_bubble_buster, layout_basic, evilmike_ruin_ashenzari,
          shapermc_ecumenical_altar_venn, kennysheep_jessica_study, uniq_grinder
D:4:      layout_loops_ring, grunt_dithmenos_smoke, minivault_5
D:5:      layout_loops_ring, minitemple
D:6:      layout_gridville, old_standard_altar, serial_shops, shop_fountains,
          nrook_mini_vaults, uniq_blork_the_orc
D:7:      layout_cave_pools, nicolae_ru_awakened_eye, kennysheep_little_box,
          minmay_temple_entry_gardened_gates, serial_gnoll_camp,
          gnoll_camp_mini_basic, gnoll_camp_mini_house,
          gnoll_camp_mini_loothouse, gnoll_camp_mini_basic,
          gnoll_camp_mini_shop, minmay_misc_feat_plants
D:8:      layout_basic, marbit_many_paths, dpeg_lair_monsters, minivault_12
D:9:      layout_irregular_city, nicolae_specific_store
D:10:     cheibrodos_fzero, layout_loops_corners, hiddenorc1_lemuel
D:11:     layout_roguey, nicolae_shop_self_help
D:12:     layout_loops_cross, ebering_ghost_funeral_grove,
          nicolae_trove_entry_crossroad, uniq_josephine, uniq_urug
Temple:   eino_narrow_crystal_temple
Lair:1:   layout_roguey [special_room_bee], lemuel_fruit_tree
Lair:2:   layout_cave_pods, elwin_shoals_entry_stream, dummy_spider_entry,
          portal_ice_cave_entry_ice_simulacra, fungi_pond_lemuel

Skill      XL: |  1  2  3  4  5  6  7  8  9 10 11 12 |
---------------+-------------------------------------+-----
Long Blades    | 2 3 |  3.3
Shields        | 3 4 5 6 7 8 |  8.5
Armour         | 3 4 5 6 7 8 |  8.4
Dodging        | 2 3 4 5 6 7 |  7.9
Fighting       | 4 6 7 8 9 |  9.3
Axes           | 2 5 7 |  7.7
Maces & Flails | 1 3 4 6 7 |  7.2
Invocations    | 2 5 7 8 |  8.8

Action                   |  1- 3 |  4- 6 |  7- 9 | 10-12 || total
-------------------------+-------+-------+-------+-------++-------
Melee: Long sword        |   108 |   108 |       |       ||   216
       Kick              |     3 |    31 |    83 |   216 ||   333
       War axe           |       |    25 |   115 |       ||   140
       Mace              |       |       |   216 |   610 ||   826
Throw: Dart              |       |       |     4 |    27 ||    31
Invok: Lesser Servant of |       |       |       |    11 ||    11
       Minor Destruction |       |       |       |     8 ||     8
       Major Destruction |       |       |       |     3 ||     3
Evoke: Wand              |       |       |     9 |    18 ||    27
  Use: Potion            |     5 |     5 |     9 |     9 ||    28
       Scroll            |     1 |    10 |     1 |    14 ||    26
 Stab: Invisible         |       |       |       |     3 ||     3
       Distracted        |       |       |       |     1 ||     1
Armor: Scale mail        |    71 |    27 |       |       ||    98
       Chain mail        |       |       |   125 |   100 ||   225
       Plate armour      |       |       |       |    92 ||    92
Dodge: Dodged            |    74 |    53 |   226 |   276 ||   629
Block: Buckler           |    37 |    50 |   340 |   481 ||   908
